 Dungeon Crawl Stone Soup version 0.23.2-1-ga50397a (webtiles) character file.

Game seed: 11148202890148644810

35 grenoire the Skirmisher (level 3, -9/24 HPs)
             Began as a Gargoyle Berserker on May 5, 2019.
             Was a Believer of Trog.
             Mangled by Sigmund
             ... wielding a +0 scythe of freezing
              (12 damage)
             ... on level 2 of the Dungeon.
             The game lasted 00:02:09 (1105 turns).

grenoire the Skirmisher (Gargoyle Berserker)        Turns: 1105, Time: 00:02:10

Health: -9/24      AC:  5    Str: 21    XL:     3   Next: 33%
Magic:  3/3        EV: 12    Int:  7    God:    Trog [**....]
Gold:   33         SH:  0    Dex:  9    Spells: 2/2 levels left

rFire    . . .     SeeInvis .   a - +0 mace
rCold    . . .     Gourm    .   (no shield)
rNeg     + . .     Faith    .   b - +0 animal skin
rPois    ∞         Spirit   .   (no helmet)
rElec    +         Reflect  .   (no cloak)
rCorr    .         Harm     .   (no gloves)
MR       .....                  (no boots)
Stlth    +.........             (no amulet)
HPRegen  0.08/turn              j - ring of wizardry
MPRegen  0.08/turn              (no ring)

@: confused, berserk cooldown, slowed, very slow
A: negative energy resistance 1, electricity resistance, unbreathing,
petrification resistance, rot immunity, AC +3
a: Berserk, Trog's Hand, Renounce Religion


You were on level 2 of the Dungeon.
You worshipped Trog.
Trog was pleased with you.
You were near starving.

You visited 1 branch of the dungeon, and saw 2 of its levels.

You collected 33 gold pieces.

Inventory:

Hand Weapons
 a - a +0 mace (weapon)
Armour
 b - a +0 animal skin (worn)
Jewellery
 j - a ring of wizardry (left hand)
Scrolls
 e - a scroll of blinking {unknown}
 f - 2 scrolls of teleportation {unknown}
 h - a scroll of remove curse {unknown}
 i - 2 scrolls of amnesia {unknown}
 m - a scroll of noise {unknown}
Potions
 d - a potion of flight {unknown}
 g - a potion of brilliance {unknown}
 k - a potion of degeneration {unknown}
 l - a potion of heal wounds {unknown}
 n - a potion of ambrosia {unknown}
 o - a potion of might {unknown}
Comestibles
 c - 3 rations


   Skills:
 + Level 4.0 Fighting
 + Level 3.6 Maces & Flails
 + Level 2.2 Armour
 + Level 1.8 Dodging


You had 2 spell levels left.
You didn't know any spells.
Your spell library was empty.

Dungeon Overview and Level Annotations

Branches:
Dungeon (2/15)

Altars:

Annotations:
D:2 Sigmund


Innate Abilities, Weirdness & Mutations

You are resistant to torment.
Your stone body is resilient. (AC +3)
You are immune to poison.
You resist negative energy. (rN+)
You are resistant to electric shocks. (rElec)
You can survive without breathing.
You are immune to petrification.
You are immune to rotting.


Message History

Sigmund is severely wounded.
Sigmund barely misses you.
You're too confused to move!
You barely miss Sigmund.
Sigmund is severely wounded.
Sigmund barely misses you.
You bump into the rock wall.
You feel a strong urge to attack something.
You are no longer berserk.
You are exhausted.
You feel yourself slow down.
Sigmund hits you with a +0 scythe of freezing.
* * * LOW HITPOINT WARNING * * *
Sigmund freezes you.
* * * LOW HITPOINT WARNING * * *
Sigmund barely misses you.
You bump into the rock wall.
Sigmund hits you with a +0 scythe of freezing!
Ouch! That really hurt!
You die...

.# #.# .##
#......# #..#
.# #.# ..
#...##..## #..#
.# #.##.#
#.##.##...##
#..#
#####.##.##.
#.##....####..#
.....#...##
#.##..........#
#####.#...#
#.##..(....)..#
####...###.##
#.#..#.########
......##
#.###.@#.#..#
####..#
#.....@....#
##.##
##.##.#######
##.###.##.#
##...##.#
#####.# ##


You could see Sigmund.

Vanquished Creatures
  2 oozes
  5 bats (D:1)
  A giant cockroach (D:1)
  2 goblins
  4 hobgoblins (D:1)
  3 jackals (D:1)
  3 kobolds
  3 rats (D:1)
23 creatures vanquished.

Notes
Turn   | Place    | Note
-------+----------+-------------------------------------------
     0 | D:1      | grenoire the Gargoyle Berserker began the quest for the
                  | Orb.
     0 | D:1      | Reached XP level 1. HP: 14/14 MP: 1/1
   225 | D:1      | Reached XP level 2. HP: 13/19 MP: 2/2
   584 | D:1      | Reached XP level 3. HP: 22/24 MP: 3/3
   994 | D:2      | Reached ** piety under Trog
  1032 | D:2      | Reached skill level 4 in Fighting
  1066 | D:2      | Noticed Sigmund
  1105 | D:2      | Mangled by Sigmund

Skill      XL: |  1  2  3 |
---------------+----------+-----
Fighting       | 4 |  4.0
Maces & Flails | |  3.6
Armour         | |  2.2
Dodging        | |  1.8

Action                   || total
-------------------------++-------
Melee: Mace              ||    77
Invok: Berserk           ||     1
 Stab: Sleeping          ||     1
Armor: Animal skin       ||    33
Dodge: Dodged            ||    78
